 Dungeon Crawl Stone Soup version 0.27-a0-1136-g0b992a5a9d (webtiles) character file.

Game seed: 7621992238279028975

54789 siradein the Nimble (level 14, -6/103 HPs)
             Began as a Djinni Fire Elementalist on May 1, 2021.
             Was the Champion of Makhleb.
             Mangled by Rupert
             ... wielding a +3 great sword of freezing
              (13 damage)
             ... on level 2 of the Orcish Mines on May 4, 2021.
             The game lasted 02:08:48 (23932 turns).

siradein the Nimble (Djinni Fire Elementalist)     Turns: 23932, Time: 02:08:49

Health: -6/103     AC: 10    Str: 18    XL:     14   Next: 74%
Gold:   1629       EV: 14    Int: 23    God:    Makhleb [******] SH: 25 Dex: 13

rFire    + + .     SeeInvis +   L - staff of conjuration
rCold    x . .     Faith    .   H - +5 tower shield "Sacaol Kajy" {rN+ Str+3}
rNeg     + . .     Spirit   .   N - +4 troll leather armour
rPois    ∞         Reflect  .   (no helmet)
rElec    .         Harm     .   K - scarf {repulsion}
rCorr    .         Rampage  .   g - +1 pair of gloves of the Iron Devil {+Blink Str+8}
Will     +....                  (boots unavailable)
Stlth    ++........             (no amulet)
HPRegen  1.27/turn              d - ring of wizardry
MPRegen  0.00/turn              y - ring of see invisible

@: flying, repel missiles
A: sickness immunity, fire resistance 2, cold vulnerability 1, float, innate
caster, hp casting, extra vitality 1, large bone plates 1
a: Renounce Religion, Evoke Blink, Minor Destruction, Lesser Servant of Makhleb,
Major Destruction, Greater Servant of Makhleb


You were on level 2 of the Orcish Mines.
You worshipped Makhleb.
Makhleb was exalted by your worship.
You visited 3 branches of the dungeon, and saw 19 of its levels.
You also visited: Ossuary and Gauntlet.

You collected 2005 gold pieces.
You spent 376 gold pieces at shops.

Inventory:

Missiles
 o - 6 curare-tipped darts
 r - 6 boomerangs of dispersal
 E - 2 throwing nets
Armour
 g - the +1 pair of gloves of the Iron Devil (worn) {+Blink Str+8}
   (You found it in a Gauntlet)

   It affects your strength (+8).
   It lets you blink.
 H - the +5 tower shield "Sacaol Kajy" (worn) {rN+ Str+3}
   (You found it in a Gauntlet)

   It affects your strength (+3).
   It protects you from negative energy.
 K - a scarf of repulsion (worn)
 N - a +4 troll leather armour (worn)
Magical Staves
 L - a staff of conjuration (weapon)
 M - a staff of earth
 V - a staff of poison
Jewellery
 d - a ring of wizardry (left hand)
 h - a ring of positive energy
 m - a +4 ring of evasion
 p - a +6 ring of strength
 t - a ring of ice
 y - a ring of see invisible (right hand)
 Q - a +4 ring of slaying
Wands
 a - a wand of flame (43)
 l - a wand of iceblast (46)
 q - a wand of acid (13)
 B - a wand of charming (7)
 D - a wand of polymorph (21)
 G - a wand of digging (9)
 R - a wand of paralysis (9)
Scrolls
 b - a scroll of fear
 c - 2 scrolls of acquirement
 e - 9 scrolls of teleportation
 j - a scroll of summoning
 A - 2 scrolls of immolation
 C - 2 scrolls of amnesia {unknown}
 J - 4 scrolls of enchant weapon
 T - a scroll of holy word
 U - a scroll of fog
Potions
 f - 14 potions of curing
 i - 3 potions of might
 k - a potion of haste
 n - 3 potions of invisibility
 v - 3 potions of lignification
 w - 3 potions of attraction
 x - 4 potions of brilliance
 z - 5 potions of mutation
 I - a potion of cancellation
Miscellaneous
 O - a lightning rod (4/4)
 P - a phial of floods


   Skills:
 + Level 10.7 Fighting
 - Level 4.3 Armour
 + Level 13.4 Dodging
 - Level 1.5 Stealth
 + Level 9.3 Shields
 + Level 12.0 Spellcasting
 + Level 9.4 Evocations


You had one spell level left.
You knew the following spells:

 Your Spells              Type           Power      Damage    Failure   Level
a - Foxfire               Conj/Fire      100%       2x1d9     1%          1
b - Conjure Flame         Conj/Fire      81%        6-21      1%          3
c - Inner Flame           Hex/Fire       62%        N/A       1%          3
d - Sticky Flame          Conj/Fire      81%        2d9       1%          4
e - Fireball              Conj/Fire      40%        3d16      3%          5
f - Freeze                Ice            100%       1d11      1%          1
g - Static Discharge      Conj/Air       81%        N/A       1%          2
h - Call Canine Familiar  Summ           62%        N/A       1%          3
i - Dispel Undead         Necr           62%        3d22      1%          4
j - Agony                 Necr           62%        N/A       3%          5
k - Hydra Form            Tmut           31%        N/A       3%          5
Your spell library was empty.

Dungeon Overview and Level Annotations

Branches:
Dungeon (11/15)              Lair (6/6) D:9          Shoals (0/4) Lair:2
 Spider (0/4) Lair:3        Slime (0/5) Lair:5          Orc (2/2) D:11
Ossuary (visited)         Gauntlet (visited)
 Temple: D:4-7          Elf: Orc:2

Altars:
Ashenzari
Elyvilon
Gozag
Kikubaaqudgha
Makhleb
Okawaru
Ru
Sif Muna
Trog
Uskayaw
Vehumet
Zin
The Shining One
Beogh

Shops:
D:8 [![*   D:10 ((   D:11 [

Annotations:
Orc:2 Rupert


Innate Abilities, Weirdness & Mutations

You are immune to sickness and miasma.
You are immune to poison.
Your flesh is very heat resistant. (rF++)
You are vulnerable to cold. (rC-)
You float through the air rather than walking.
You learn spells naturally, not from books.
Your magical power is your life essence.
You have superior vitality. (+4 HP)
You are partially covered in large bone plates. (SH +4)


Message History

The lightning grounds out.
Rupert burns!
Rupert stops burning.
You block Rupert's attack.
Casting: Static Discharge (safe; 1% risk of failure)
Confirm with . or Enter, or press ? or * to list all spells.
Aiming: Sticky Flame (mildly dangerous; 1% risk of failure)
Press: ? - help, Shift-Dir - straight line, f/p - Rupert
Aim: Rupert, wielding a +3 great sword of freezing and wearing a +0 scale mail (severely wounded, berserk, 100% to hit)
You feel a surge of power!
The sticky flame hits Rupert.
Rupert is severely wounded.
Rupert is covered in liquid flames!
Rupert burns!
Rupert hits you with a +3 great sword of freezing!
* * * LOW HITPOINT WARNING * * *
Rupert freezes you!
* * * LOW HITPOINT WARNING * * *
You block Rupert's attack.
Rupert burns!
As you read the scroll of fear, it crumbles to dust.
You assume a fearsome visage.
Rupert easily resists.
Rupert burns!
Rupert stops burning.
You block Rupert's attack. x2
You block Rupert's attack.
You feel much better. You block Rupert's attack.
Casting: Sticky Flame (mildly dangerous; 1% risk of failure)
Confirm with . or Enter, or press ? or * to list all spells.
Aiming: Sticky Flame (mildly dangerous; 1% risk of failure)
Press: ? - help, Shift-Dir - straight line, f/p - Rupert
Aim: Rupert, wielding a +3 great sword of freezing and wearing a +0 scale mail (severely wounded, berserk, 100% to hit)
You feel a surge of power!
The sticky flame hits Rupert!
Rupert is severely wounded.
Rupert is covered in liquid flames!
* * * LOW HITPOINT WARNING * * *
Rupert burns!
You block Rupert's attack.
Rupert hits you with a +3 great sword of freezing!
* * * LOW HITPOINT WARNING * * *
Rupert freezes you!
* * * LOW HITPOINT WARNING * * *
Rupert burns!
As you read the scroll of summoning, it crumbles to dust.
Wisps of shadow whirl around you...
Rupert burns!
Rupert hits you with a +3 great sword of freezing!
You die...

.... ...................
##...#...................$
##.#...#.#.................
#........#......#..)......#
#...............#..).......
##.#........T....#.._○.....
#..................)°.....#
#.............@@...$.☼...$#
##........#.....h..........
#........#...O............
##.......#.................
#.......#..........##......
##..)...##................#
#...)...###.#......#..#.##.
#........###..........##..
##)#..#.##..#....#.#.## ...


You could see Rupert (berserk, burning, ally target), a friendly troll
(summoned), a friendly warg (summoned) and a friendly ogre (summoned).

Vanquished Creatures
  An entropy weaver (Gauntlet)
  A minotaur (Gauntlet)
  Erolcha (D:11)
  3 catoblepae (Lair:6)
  A boulder beetle (Lair:6)
  A hydra (Lair:5)
  2 two-headed ogres
  6 death yaks (Lair:6)
  Urug (Lair:2)
  2 orc knights (Orc:2)
  Pikel (D:9)
  4 oklob plants (Lair:4)
  A wolf spider (Gauntlet)
  2 manticores (Lair:6)
  A moth of wrath (Gauntlet)
  A shining eye (Gauntlet)
  An orc sorcerer (Orc:1)
  Joseph (D:7)
  6 black mambas
  9 elephants
  15 cane toads
  2 rime drakes (Lair:6)
  An unseen horror (D:11)
  5 komodo dragons
  2 polar bears
  4 trolls (D:11)
  A queen bee (D:11)
  2 jumping spiders (Gauntlet)
  5 slime creatures (D:11)
  9 dream sheep
  10 blink frogs
  2 wraiths (D:11)
  3 wyverns
  59 yaks
  Sigmund (D:3)
  2 basilisks
  A steam dragon (D:7)
  A vampire mosquito (D:10)
  Grum (D:9)
  Menkaure (D:4)
  2 wargs
  11 water moccasins
  A floating eye (Gauntlet)
  A sky beast (D:6)
  12 orc warriors
  2 ice beasts
  11 centaurs
  17 wolves
  5 ogres
  A lemure (D:9)
  A phantom (D:4)
  2 kobold brigands (D:7)
  18 bullfrogs
  2 scorpions
  3 gnoll sergeants (D:10)
  17 killer bees
  8 wights (D:8)
  An electric eel (Lair:4)
  4 howler monkeys
  4 centaur zombies
  2 bullfrog zombies
  2 human zombies (Ossuary)
  5 hounds
  4 jellies
  A centaur skeleton (D:7)
  13 orc priests
  4 gnoll shamans
  A bullfrog skeleton (D:6)
  Ijyb (D:4)
  17 orc wizards
  A killer bee zombie (D:9)
  4 mummies (Ossuary)
  26 gnolls
  3 adders
  3 shadow imps (D:7)
  A white imp (D:5)
  An ufetubus (D:7)
  A worm (D:2)
  3 dart slugs
  34 orcs
  4 endoplasms
  3 giant cockroaches
  13 goblins
  6 hobgoblins
  12 jackals
  A quokka (D:2)
  4 ball pythons
  7 bats
  A frilled lizard (D:1)
  A goblin zombie (Ossuary)
  15 kobolds
  2 kobold zombies (Ossuary)
  An orc zombie (Ossuary)
493 creatures vanquished.

Vanquished Creatures (collateral kills)
  The ghost of DocEon the Unseen, a journeyman OpEn of Dithmenos (Lair:6)
  A death yak (Lair:6)
  A crimson imp (D:6)
  An adder (D:6)
  4 orcs
  2 foxfires (Lair:2)
10 creatures vanquished.

Vanquished Creatures (others)
  295 foxfires
  31 fungi
  71 plants
397 creatures vanquished.

Grand Total: 900 creatures vanquished

Notes
Turn   | Place    | Note
-------+----------+-------------------------------------------
     0 | D:1      | siradein the Djinni Fire Elementalist began the quest for
                  | the Orb.
     0 | D:1      | Reached XP level 1. HP: 15/15 MP: 0/0
   344 | D:1      | Reached XP level 2. HP: 4/21 MP: 0/0
   942 | D:1      | Reached XP level 3. HP: 22/25 MP: 0/0
   942 | D:1      | Learned a level 1 spell: Freeze
  1494 | D:2      | Noticed a scorpion
  1571 | D:2      | Killed a scorpion
  1572 | D:2      | Reached XP level 4. HP: 25/31 MP: 0/0
  1930 | D:2      | Reached XP level 5. HP: 30/35 MP: 0/0
  1930 | D:2      | Learned a level 2 spell: Static Discharge
  2479 | D:3      | Found a faded altar of an unknown god.
  2508 | D:3      | Reached skill level 5 in Spellcasting
  2510 | D:3      | Noticed Sigmund
  2743 | D:3      | Killed Sigmund
  2744 | D:3      | Reached XP level 6. HP: 35/40 MP: 0/0
  3633 | D:4      | Reached skill level 3 in Dodging
  3633 | D:4      | Reached XP level 7. HP: 40/45 MP: 0/0
  3633 | D:4      | Learned a level 3 spell: Call Canine Familiar
  3711 | D:4      | Noticed Ijyb
  3721 | D:4      | Killed Ijyb
  4073 | D:4      | Noticed Menkaure
  4081 | D:4      | Killed Menkaure
  4082 | D:4      | Reached skill level 4 in Dodging
  4479 | D:5      | Entered Level 5 of the Dungeon
  4737 | D:5      | Found an iron altar of Okawaru.
  4927 | D:5      | Found a hide-covered altar of Uskayaw.
  5214 | D:5      | Reached XP level 8. HP: 10/50 MP: 0/0
  5410 | D:5      | Reached skill level 5 in Dodging
  5792 | D:5      | Found a sacrificial altar of Ru.
  6389 | D:6      | Upgraded the game from 0.27-a0-1105-g946c659c87 to
                  | 0.27-a0-1123-g2f9bb313c0
  6405 | D:6      | Reached skill level 6 in Dodging
  6681 | D:6      | Found a sand-covered staircase.
  6689 | Ossuary  | Entered an ossuary
  6876 | Ossuary  | Reached skill level 7 in Dodging
  7029 | Ossuary  | Reached XP level 9. HP: 49/55 MP: 0/0
  7029 | Ossuary  | Learned a level 4 spell: Dispel Undead
  7887 | D:6      | Found a burning altar of Makhleb.
  7948 | D:6      | Became a worshipper of Makhleb the Destroyer
  8336 | D:6      | Reached skill level 1 in Fighting
  8983 | D:7      | Reached skill level 8 in Dodging
  9066 | D:7      | Noticed Joseph
  9647 | D:7      | Killed Joseph
  9848 | D:7      | Reached * piety under Makhleb
  9962 | D:7      | Reached skill level 9 in Dodging
  9962 | D:7      | Reached XP level 10. HP: 54/67 MP: 0/0
 10379 | D:7      | Found a broken altar of Ashenzari.
 10462 | D:8      | Found Qihaq's Assorted Antiques.
 10488 | D:8      | Identified the +2 ring mail "Tinnoj" {rF+ Will++ Dex-5
                  | Stlth+}
 10587 | D:8      | Found Ohasm's Antique Armour Boutique.
 11310 | D:8      | Bought a smoking granite ring for 110 gold pieces
 11310 | D:8      | Identified the ring "Tiwky" {rPois Str+4 Int-4} (You bought
                  | it in a shop on level 8 of the Dungeon)
 11337 | D:8      | Reached skill level 5 in Fighting
 11389 | D:8      | Found Upihen's Antique Armour Emporium.
 11395 | D:8      | Bought an ancient leather armour for 266 gold pieces
 11395 | D:8      | Identified the +0 leather armour of Negligence {+Blink
                  | Int+3} (You bought it in a shop on level 8 of the Dungeon)
 11431 | D:8      | Found Syrer's Distillery.
 11467 | D:8      | Found Nello's Antique Armour Boutique.
 11862 | D:9      | Found a glowing golden altar of the Shining One.
 11925 | D:9      | Found a glowing silver altar of Zin.
 11925 | D:9      | Found a white marble altar of Elyvilon.
 12088 | D:9      | Noticed Pikel
 12262 | D:9      | Killed Pikel
 12263 | D:9      | Reached skill level 1 in Armour
 12263 | D:9      | Reached skill level 1 in Shields
 12263 | D:9      | Reached skill level 1 in Evocations
 12348 | D:9      | Reached ** piety under Makhleb
 12598 | D:9      | Noticed Grum
 12604 | D:9      | Killed Grum
 12896 | D:9      | Found a staircase to the Lair.
 12918 | D:10     | Entered Level 10 of the Dungeon
 13025 | D:10     | Found Raleyff's Antique Weapon Boutique.
 13102 | D:10     | Noticed a two-headed ogre
 13106 | D:10     | Killed a two-headed ogre
 13107 | D:10     | Reached skill level 10 in Dodging
 13131 | D:10     | Found an opulent altar of Gozag.
 13176 | D:10     | Reached XP level 11. HP: 63/76 MP: 0/0
 13176 | D:10     | Learned a level 5 spell: Agony
 14075 | D:10     | Found a bloodstained altar of Trog.
 14208 | D:10     | Reached *** piety under Makhleb
 14510 | D:10     | Found Lyatifuf's Antique Weapon Shoppe.
 14570 | D:11     | Noticed a two-headed ogre
 14573 | D:11     | Killed a two-headed ogre
 14574 | D:11     | Reached skill level 10 in Spellcasting
 15253 | D:11     | Found a staircase to the Orcish Mines.
 15253 | D:11     | Found Gusk's Armour Emporium.
 15964 | D:11     | Noticed Erolcha
 15976 | D:11     | Killed Erolcha
 16561 | Lair:1   | Entered Level 1 of the Lair of Beasts
 17180 | Lair:2   | Reached skill level 5 in Evocations
 17180 | Lair:2   | Reached XP level 12. HP: 85/85 MP: 0/0
 17195 | Lair:2   | Found a staircase to the Shoals.
 17227 | Lair:2   | Reached skill level 5 in Shields
 17261 | Lair:2   | Reached skill level 11 in Dodging
 17273 | Lair:2   | Noticed Urug
 17282 | Lair:2   | Killed Urug
 17446 | Lair:2   | Reached **** piety under Makhleb
 17457 | Lair:2   | Identified 2 scrolls of acquirement
 17911 | Lair:3   | Found a gate leading to a gauntlet.
 17920 | Gauntlet | Entered a Gauntlet
 17920 | Gauntlet | Found a transporter.
 17920 | Gauntlet | Found a transporter.
 17938 | Gauntlet | Found a transporter.
 17942 | Gauntlet | Found a transporter.
 17960 | Gauntlet | Found a transporter.
 17961 | Gauntlet | Found a transporter.
 17962 | Gauntlet | Found a large runed translucent door.
 17963 | Gauntlet | Found a large runed translucent door.
 17964 | Gauntlet | Found a large runed translucent door.
 17964 | Gauntlet | Found a large runed translucent door.
 17964 | Gauntlet | Found a runed translucent door.
 17965 | Gauntlet | Found a large runed translucent door.
 17966 | Gauntlet | Found a large runed translucent door.
 17967 | Gauntlet | Found a large runed translucent door.
 17967 | Gauntlet | Found a large runed translucent door.
 17968 | Gauntlet | Found a runed translucent gate.
 17968 | Gauntlet | Found a runed translucent gate.
 17970 | Gauntlet | Found a transporter.
 17971 | Gauntlet | Noticed an entropy weaver
 17979 | Gauntlet | Found a runed translucent gate.
 17980 | Gauntlet | Found a large runed translucent door.
 17980 | Gauntlet | Found a large runed translucent door.
 17981 | Gauntlet | Found a large runed translucent door.
 17982 | Gauntlet | Found a large runed translucent door.
 17989 | Gauntlet | Noticed a wretched star
 17991 | Gauntlet | Found a large runed translucent door.
 17991 | Gauntlet | Found a large runed translucent door.
 17991 | Gauntlet | Found a runed translucent door.
 17992 | Gauntlet | Found a large runed translucent door.
 17993 | Gauntlet | Found a large runed translucent door.
 18002 | Gauntlet | Noticed a soul eater
 18043 | Gauntlet | Found a transporter.
 18047 | Gauntlet | Found a transporter.
 18057 | Gauntlet | Found a transporter.
 18061 | Gauntlet | Found a transporter.
 18071 | Gauntlet | Found a transporter.
 18234 | Gauntlet | Gained mutation: Armour fits poorly on your strangely
                  | shaped body. [a shining eye]
 18252 | Gauntlet | Lost mutation: Armour fits poorly on your strangely shaped
                  | body. [potion of mutation]
 18252 | Gauntlet | Gained mutation: Your body sometimes deteriorates upon
                  | taking damage. [potion of mutation]
 18252 | Gauntlet | Gained mutation: Your flesh is almost immune to the effects
                  | of heat. (rF+++) [potion of mutation]
 18252 | Gauntlet | Gained mutation: You are partially covered in iridescent
                  | scales. (AC +2) [potion of mutation]
 18276 | Gauntlet | Killed an entropy weaver
 18277 | Gauntlet | Lost mutation: You are partially covered in iridescent
                  | scales. (AC +2) [potion of mutation]
 18277 | Gauntlet | Lost mutation: Your body sometimes deteriorates upon taking
                  | damage. [potion of mutation]
 18277 | Gauntlet | Lost mutation: Your flesh is almost immune to the effects
                  | of heat. (rF+++) [potion of mutation]
 18277 | Gauntlet | Gained mutation: You are partially covered in large bone
                  | plates. (SH +4) [potion of mutation]
 18289 | Gauntlet | Identified the +1 pair of gloves of the Iron Devil {+Blink
                  | Str+8}
 18317 | Gauntlet | Noticed a minotaur
 18336 | Gauntlet | Killed a minotaur
 18377 | Gauntlet | Identified the +5 tower shield "Sacaol Kajy" {rN+ Str+3}
 18594 | Lair:3   | Found a hole to the Spider Nest.
 18828 | Lair:3   | Reached XP level 13. HP: 76/93 MP: 0/0
 18828 | Lair:3   | Learned a level 5 spell: Hydra Form
 19427 | Lair:4   | Reached skill level 12 in Dodging
 19479 | Lair:4   | Reached ***** piety under Makhleb
 20273 | Lair:4   | Upgraded the game from 0.27-a0-1123-g2f9bb313c0 to
                  | 0.27-a0-1136-g0b992a5a9d
 20579 | Lair:5   | You are sucked into a shaft and drop 1 floor!
 20579 | Lair:6   | Entered Level 6 of the Lair of Beasts
 20840 | Lair:6   | Reached XP level 14. HP: 99/102 MP: 0/0
 20860 | Lair:6   | Reached skill level 10 in Fighting
 21129 | Lair:6   | Found a runed translucent gate.
 21130 | Lair:6   | Found a runed translucent gate.
 21131 | Lair:6   | Found a runed translucent gate.
 21133 | Lair:6   | Noticed DocEon's ghost (journeyman OpEn)
 21242 | Lair:6   | Reached skill level 13 in Dodging
 21737 | Lair:6   | Killed DocEon's ghost
 22029 | Lair:5   | Found a staircase to the Slime Pits.
 22294 | Lair:5   | Reached ****** piety under Makhleb
 23030 | Orc:1    | Entered Level 1 of the Orcish Mines
 23806 | Orc:2    | Entered Level 2 of the Orcish Mines
 23908 | Orc:2    | Noticed Rupert
 23930 | Orc:2    | HP: 4/103 [Rupert/+3 great sword of freezing (10)]
 23932 | Orc:2    | Mangled by Rupert

Illustrated notes

Levels and vault maps discovered:
D:1:      dpeg_cavernosity, layout_basic, hangedman_decor_points
D:2:      layout_rooms, minmay_randomly_rotated_circles
D:3:      layout_rooms, shapermc_ecumenical_altar_notcrosses, uniq_sigmund
D:4:      kennysheep_the_goblin_king, layout_basic, temple_fountains,
          uniq_menkaure
D:5:      layout_loops_corners, gammafunk_temple_overflow_statue,
          amethyst_overflow_temple_binary, uniq_ijyb
D:6:      layout_basic, vehumet_altar_wand_db, makhleb_grotto_becter,
          chequers_ossuary_entry_cave
D:7:      layout_rooms, old_standard_altar, uniq_joseph
D:8:      layout_rooms, lemuel_round_altar, serial_shops, shop_statue,
          kennysheep_mini, nicolae_shop_overgrown_old_shop, shop_statue,
          kennysheep_little_box
D:9:      layout_small_grid, good_gods_mini_temple, lair_entry_dummy,
          uniq_pikel, uniq_grum
D:10:     layout_cave_pools, grunt_gozag_statues, marbit_many_paths,
          serial_gnoll_camp, gnoll_camp_mini_hut, gnoll_camp_mini_shop,
          gnoll_camp_mini_hut, gnoll_camp_huts_basic, gnoll_camp_mini_shop
D:11:     layout_basic, orc_david_3, nicolae_looking_at_the_future, uniq_erolcha
Lair:1:   layout_hall_layers
Lair:2:   layout_misc_corridors, minmay_shoals_entry_centaurs, st_stairs_7,
          uniq_urug
Lair:3:   layout_regular_city, spider_nest_entry_web_field,
          gauntlet_entry_generic, grunt_megastairs_1
Lair:4:   layout_hall_layers, st_stairs_4, minmay_lair_oklob_chamber,
          grunt_megastairs_4, serial_bayou_shore_a
Lair:5:   layout_layer_cave, slime_dummy, beast_lair_carwin_4,
          lemuel_fruit_tree, grunt_megastairs_5, infiniplex_staircase_pool_2
Lair:6:   evilmike_catoblepas_cave, layout_gridlike, ebering_ghost_rock_garden
Orc:1:    nicolae_orc_accident_2, layout_caves
Orc:2:    st_orc_congregation, layout_caves, basic_altar,
          guppyfry_orc_lava_fort, uniq_rupert, uniq_josephine

Skill      XL: |  1  2  3  4  5  6  7  8  9 10 11 12 13 14 |
---------------+-------------------------------------------+-----
Spellcasting   | 3 4 5 6 7 8 9 10 11 12 | 12.0
Dodging        | 3 4 7 9 10 11 12 13 | 13.4
Fighting       | 4 5 7 8 9 10 | 10.7
Armour         | 2 4 |  4.3
Shields        | 2 4 6 8 9 |  9.3
Evocations     | 2 5 6 8 9 |  9.4
Stealth        | |  1.5

Action                   |  1- 3 |  4- 6 |  7- 9 | 10-12 | 13-15 || total
-------------------------+-------+-------+-------+-------+-------++-------
Melee: Unarmed           |     7 |     1 |       |       |       ||     8
 Cast: Foxfire           |    41 |    50 |    57 |    27 |     3 ||   178
       Inner Flame       |     4 |    14 |    46 |    93 |   140 ||   297
       Static Discharge  |       |       |     3 |     5 |     1 ||     9
       Sticky Flame      |       |       |    20 |    48 |    33 ||   101
       Conjure Flame     |       |       |    12 |    24 |       ||    36
       Fireball          |       |       |    17 |   126 |   176 ||   319
       Dispel Undead     |       |       |     8 |     3 |       ||    11
       Call Canine Famil |       |       |     4 |    13 |    16 ||    33
       Freeze            |       |       |       |     7 |       ||     7
       Agony             |       |       |       |     3 |     3 ||     6
  Use: Scroll            |       |       |     5 |    18 |     7 ||    30
       Potion            |       |       |       |     2 |     1 ||     3
Armor: Robe              |     8 |     7 |       |       |       ||    15
       Leather armour    |       |       |     5 |     7 |       ||    12
       Ring mail         |       |       |       |     4 |       ||     4
       Troll leather arm |       |       |       |    13 |     6 ||    19
Dodge: Dodged            |    14 |    18 |    51 |   108 |    10 ||   201
       Repelled          |       |       |       |       |     6 ||     6
Block: Buckler           |       |     1 |    10 |    41 |       ||    52
       Tower shield      |       |       |       |     2 |    54 ||    56
       Rpst.: Falchion   |       |     1 |     6 |     2 |       ||     9

Table legend: (Time is in decaauts)
 A = Elapsed time spent in this place.
 B = Non-inter-level travel time spent in this place.
 C = Inter-level travel time spent in this place.
 D = Time resting spent in this place.
 E = Time spent auto-exploring this place.
 F = Levels seen in this place.
 G = Mean time per level.
                   A        B        C        D        E       F      G
               +--------+--------+--------+--------+--------+-----+--------+
         Total |  23941 |  23268 |    673 |   2137 |  17139 |  21 | 1140.0 |
       Dungeon |  15956 |  15584 |    372 |   1895 |  11323 |  11 | 1450.5 |
          Lair |   5940 |   5681 |    259 |    175 |   4582 |   6 |  990.0 |
  Orcish Mines |    901 |    861 |     40 |      4 |    686 |   2 |  450.5 |
       Ossuary |    681 |    681 |      0 |      0 |    536 |   1 |  681.0 |
      Gauntlet |    461 |    461 |      0 |     63 |     12 |   1 |  461.0 |
               +--------+--------+--------+--------+--------+-----+--------+

Top non-repeatable levels by time:
     D:6: 2485 daAuts
    D:11: 1994 daAuts
     D:5: 1908 daAuts
    D:10: 1661 daAuts
     D:1: 1532 daAuts
     D:8: 1512 daAuts
  Lair:6: 1357 daAuts
     D:4: 1230 daAuts
  Lair:5: 1219 daAuts
     D:2: 1049 daAuts
  Lair:3: 1020 daAuts
     D:7: 994 daAuts
  Lair:4: 988 daAuts
     D:9: 920 daAuts
   Orc:1: 775 daAuts
